 Seeded DCSS version 0.30.0-17-ge0270778cf (webtiles) character file.

Game seed: 424073725385337585 (custom seed)

126 RascalDebosk the Magician (level 5, 0/38 HPs)
             Began as a Djinni Warper on May 21, 2023.
             Slain by a +1 spectral club (6 damage)
             ... created by Ijyb
             ... on level 3 of the Dungeon.
             The game lasted 00:14:55 (2283 turns).

RascalDebosk the Magician (Djinni Warper)           Turns: 2283, Time: 00:14:55

Health: 0/38       AC:  4    Str: 10    XL:     5   Next: 31%
Gold:   105        EV: 11    Int: 16    God:
                   SH:  0    Dex: 13

rFire   + + .        a - +0 falchion
rCold   x . .        (no shield)
rNeg    . . .        b - +0 leather armour
rPois   ∞            (no helmet)
rElec   .            (no cloak)
rCorr   .            j - +0 pair of gloves
SInv    .            (boots unavailable)
Will    .....        k - amulet of regeneration
Stlth   +            (no ring)
HPRegen 1.06/turn    (no ring)
MPRegen 0.00/turn

%: infuse magic (-1 HP)
@: flying
A: sickness immunity, fire resistance 2, cold vulnerability 1, float, innate
caster, HP casting, extra vitality 1
a: no special abilities


You were on level 3 of the Dungeon.
You visited 1 branch of the dungeon, and saw 3 of its levels.

You collected 105 gold pieces.

Inventory:

Hand Weapons
 a - a +0 falchion (weapon)
Missiles
 d - 7 boomerangs of dispersal (quivered)
Armour
 b - a +0 leather armour (worn)
 j - a +0 pair of gloves (worn)
Jewellery
 k - an amulet of regeneration (around neck)
Scrolls
 c - 2 scrolls of identify {unknown}
 e - a scroll of butterflies {unknown}
 g - a scroll of blinking
 h - 2 scrolls of amnesia {unknown}
 m - a scroll of magic mapping {unknown}
 o - a scroll of teleportation {unknown}
Potions
 f - 2 potions of curing {unknown}
 i - a potion of haste {unknown}
 l - 2 potions of attraction {unknown}
 n - a potion of heal wounds {unknown}


   Skills:
 - Level 2.0 Fighting
 - Level 1.7 Long Blades
 - Level 0.7 Throwing
 - Level 1.0 Armour
 - Level 2.1 Dodging
 + Level 4.3 Spellcasting


You knew the following spells:

 Your Spells              Type           Power      Damage    Failure   Level
a - Blink                 Tloc           34%        N/A       5%          2
b - Lesser Beckoning      Tloc           34%        N/A       5%          2
c - Vhi's Electric Charg  Tloc/Air       34%        N/A       11%         3
d - Teleport Other        Tloc           17%        N/A       11%         3
e - Manifold Assault      Tloc           17%        N/A       36%         4
f - Magic Dart            Conj           68%        1d6       3%          1
g - Poisonous Vapours     Pois/Air       34%        N/A       5%          2
Your spell library was empty.

Dungeon Overview and Level Annotations

Branches:
Dungeon (3/15)

Altars:

Annotations:
D:3 Ijyb


Innate Abilities, Weirdness & Mutations

You are immune to sickness and miasma.
You are immune to poison.
Your flesh is very heat resistant. (rF++)
You are vulnerable to cold. (rC-)
You float through the air rather than walking.
You learn spells naturally, not from books.
Your magical power is your life essence.
You have superior vitality. (+4 MHP)


Message History

Confirm with . or Enter, or press ? or * to list all spells.
Aiming: Magic Dart (safe; 3% risk of failure)
Press: ? - help, Shift-Dir - straight line, f - endoplasm
Aim: an endoplasm (100% to hit)
You miscast Magic Dart.
You are very lightly contaminated with residual magic.
Nothing appears to happen.
Casting: Magic Dart (safe; 3% risk of failure)
Confirm with . or Enter, or press ? or * to list all spells.
Aiming: Magic Dart (safe; 3% risk of failure)
Press: ? - help, Shift-Dir - straight line, f/p - endoplasm
Aim: an endoplasm (100% to hit)
The magic dart hits the endoplasm.
The endoplasm is almost dead.
Casting: Magic Dart (safe; 3% risk of failure)
Confirm with . or Enter, or press ? or * to list all spells.
Aiming: Magic Dart (safe; 3% risk of failure)
Press: ? - help, Shift-Dir - straight line, f/p - endoplasm
Aim: an endoplasm (almost dead, 100% to hit)
The magic dart hits the endoplasm.
You kill the endoplasm!
A hobgoblin comes into view.
The hobgoblin shouts!
Casting: Magic Dart (safe; 3% risk of failure)
Confirm with . or Enter, or press ? or * to list all spells.
Aiming: Magic Dart (safe; 3% risk of failure)
Press: ? - help, Shift-Dir - straight line, f - hobgoblin
Aim: a hobgoblin (100% to hit)
The magic dart hits the hobgoblin.
The hobgoblin is heavily wounded.
Casting: Magic Dart (safe; 3% risk of failure)
Confirm with . or Enter, or press ? or * to list all spells.
Aiming: Magic Dart (safe; 3% risk of failure)
Press: ? - help, Shift-Dir - straight line, f/p - hobgoblin
Aim: a hobgoblin (heavily wounded, 100% to hit)
The magic dart hits the hobgoblin.
You kill the hobgoblin!
Your magical contamination has completely faded away.
Ijyb the Twisted Goblin comes into view.
She is wielding a +1 spectral club and carrying a wand of paralysis (5).
Found a stone staircase leading down.
Ijyb shouts!
You see here 16 gold pieces.
Casting: Magic Dart (safe; 3% risk of failure)
Confirm with . or Enter, or press ? or * to list all spells.
Aiming: Poisonous Vapours (safe; 5% risk of failure)
Press: ? - help, Dir - move target, f - Ijyb
Aim: Ijyb, wielding a +1 spectral club, wearing a +0 leather armour and carrying a wand of paralysis (5) Poisonous vapours surround Ijyb!
Ijyb is poisoned.
Casting: Poisonous Vapours (safe; 5% risk of failure)
Confirm with . or Enter, or press ? or * to list all spells.
Aiming: Poisonous Vapours (safe; 5% risk of failure)
Press: ? - help, Dir - move target, f/p - Ijyb
Aim: Ijyb, wielding a +1 spectral club, wearing a +0 leather armour and carrying a wand of paralysis (5) (poisoned) Poisonous vapours surround Ijyb!
Ijyb looks even sicker.
Casting: Poisonous Vapours (safe; 5% risk of failure)
Confirm with . or Enter, or press ? or * to list all spells.
Aiming: Poisonous Vapours (safe; 5% risk of failure)
Press: ? - help, Dir - move target, f/p - Ijyb
Aim: Ijyb, wielding a +1 spectral club, wearing a +0 leather armour and carrying a wand of paralysis (5) (lightly wounded, very poisoned) Poisonous vapours surround Ijyb!
Ijyb looks even sicker.
Casting: Poisonous Vapours (safe; 5% risk of failure)
Confirm with . or Enter, or press ? or * to list all spells.
Aiming: Magic Dart (safe; 3% risk of failure)
Press: ? - help, Shift-Dir - straight line, f/p - Ijyb
Aim: Ijyb, wielding a +1 spectral club, wearing a +0 leather armour and carrying a wand of paralysis (5) (moderately wounded, very poisoned, 100% to hit)
The magic dart hits Ijyb but does no damage.
Ijyb is moderately wounded.
Ijyb zaps a wand.
You suddenly lose the ability to move!
Ijyb zaps a wand.
You shrug off the repeated paralysis!
Ijyb zaps a wand.
You shrug off the repeated paralysis!
You can move again.
Ijyb zaps a wand.
You resist with some effort. Ijyb hits you with a +1 spectral club.
The +1 spectral club hits you!
A +1 spectral club comes into view.
You hit Ijyb but do no damage.
Ijyb is moderately wounded.
Ijyb closely misses you. The +1 spectral club hits you.
You hit Ijyb.
Ijyb is heavily wounded.
The +1 spectral club hits you! Ijyb hits you with a +1 spectral club!
* * * LOW HITPOINT WARNING * * *
The +1 spectral club closely misses you.
The +1 spectral club hits you.
* * * LOW HITPOINT WARNING * * *
You hit Ijyb but do no damage.
Ijyb is severely wounded.
The +1 spectral club hits you.
* * * LOW HITPOINT WARNING * * *
Ijyb barely misses you.
The +1 spectral club hits you but does no damage.
The +1 spectral club hits you.
* * * LOW HITPOINT WARNING * * *
You barely miss Ijyb.
Ijyb is severely wounded.
The +1 spectral club hits you.
You die...

... ....... ...
#.......
.>##......
######!.......
........#...#
........#...#
........#...##.#
#g@$.†....#
###(##..####. #
#........# .
#........# .
#........##.# .
#...........# #
#######.####... .
#####.......####
###....(..........
.


You could see a +1 spectral club and Ijyb (very poisoned).

Vanquished Creatures
  3 gnolls (D:3)
  2 dart slugs (D:2)
  3 orcs (D:3)
  3 ball pythons (D:1)
  6 bats
  10 endoplasms
  3 giant cockroaches
  10 goblins
  12 hobgoblins
  10 jackals
  2 quokkas
  A frilled lizard (D:2)
  6 kobolds
  7 rats
78 creatures vanquished.

Notes
Turn   | Place    | Note
-------+----------+-------------------------------------------
     0 | D:1      | RascalDebosk the Djinni Warper began the quest for the Orb.
     0 | D:1      | RascalDebosk set off with the following spells memorised:
                  | Blink, Lesser Beckoning, Vhi's Electric Charge, Teleport
                  | Other, Manifold Assault.
     0 | D:1      | Reached XP level 1. HP: 18/18 MP: 0/0
   214 | D:1      | Reached XP level 2. HP: 15/23 MP: 0/0
   356 | D:1      | Reached skill level 3 in Spellcasting
   392 | D:1      | Reached XP level 3. HP: 27/28 MP: 0/0
   392 | D:1      | Learned a level 1 spell: Magic Dart
  1326 | D:2      | Reached XP level 4. HP: 33/33 MP: 0/0
  2062 | D:3      | Reached skill level 4 in Spellcasting
  2155 | D:3      | Reached XP level 5. HP: 25/38 MP: 0/0
  2155 | D:3      | Learned a level 2 spell: Poisonous Vapours
  2270 | D:3      | Noticed Ijyb
  2274 | D:3      | Paralysed by Ijyb for 4 turns
  2283 | D:3      | Slain by a +1 spectral club

Illustrated notes

Levels and vault maps discovered:
D:1:      evilmike_arrival_crescent, layout_loops_corners
D:2:      layout_basic, minmay_misc_feat_cross, kennysheep_cross_room
D:3:      layout_rooms, nzn_wu_jian_contemplation, uniq_ijyb

Skill      XL: |  1  2  3  4 |
---------------+-------------+-----
Spellcasting   | 3 4 |  4.3
Fighting       | |  2.0
Long Blades    | |  1.7
Throwing       | |  0.7
Armour         | |  1.0
Dodging        | |  2.1

Action                     |  1- 3 |  4- 6 || total
---------------------------+-------+-------++-------
  Melee: Falchion          |    70 |    30 ||   100
         Punch             |     1 |       ||     1
   Cast: Magic Dart        |    39 |    67 ||   106
         Manifold Assault  |       |     2 ||     2
         Teleport Other    |       |     1 ||     1
         Blink             |       |     1 ||     1
         Poisonous Vapours |       |    10 ||    10
    Use: Scroll            |       |     1 ||     1
 Armour: Leather armour    |    19 |    17 ||    36
  Dodge: Dodged            |    49 |    19 ||    68
